Map: Efflorescence LE

Players

Zuko - Winner!

  • Race: Terran Terran
  • League: Diamond
  • Spawn Location: 3:00

Malus - Winner!

  • Race: Zerg Zerg
  • League: Diamond
  • Spawn Location: 12:00

Massa

  • Race: Terran Terran
  • League: Platinum
  • Spawn Location: 9:00

qqq

  • Race: Zerg Zerg
  • Spawn Location: 6:00

VOD

Have the link to the VOD?

Description

Time

  • Played on: Feb. 20, 2021, 4:23 p.m.
  • Length: 9:42
Show
View Real Time Build Order
Export as new Build Order

Zuko Terran - Winner!

Build Orders:  

Get SALT Encoding   

  12  0:00  SCV  
  13  0:12  SCV  
  14  0:18  Supply Depot  
  14  0:24  SCV  
  15  0:29  Refinery  
  15  0:40  SCV  
  16  0:50  Barracks  
  16  0:52  SCV  
  17  1:05  Barracks  
  17  1:09  SCV  
  18  1:25  SCV  
  19  1:38  Reaper  
  20  1:42  Orbital Command  
  20  1:52  Supply Depot  
  20  1:54  Reaper  
  21  2:08  SCV  
  22  2:12  Reaper  
  23  2:25  Command Center  
  23  2:29  Reaper  
  24  2:35  SCV  
  25  2:44  Refinery  
  25  2:45  Reaper  
  26  2:55  SCV  
  27  3:00  Supply Depot  
  27  3:08  SCV  
  27  3:10  Factory  
  28  3:14  Barracks Tech Lab  
  28  3:20  SCV  
  28  3:24  Barracks Reactor  
  29  3:32  SCV  
  30  3:36  Marine  
  31  3:41  Orbital Command  
  31  3:42  Barracks  
  31  3:47  SCV  
  30  4:04  Marine x3  
  33  4:24  Hellion  
  35  4:25  Marine x3  
  35  4:28  SCV x2, Bunker  
  35  4:31  Marine  
  41  4:43  Marine x3  
  44  4:53  Factory Tech Lab  
  44  4:58  Starport  
  44  5:01  Command Center  
  44  5:13  Stimpack  
  44  5:15  Barracks Reactor, Marine  
  44  5:16  SCV x2, Barracks x2, Marine  
  48  5:25  Engineering Bay  
  48  5:30  SCV, Siege Tank  
  48  5:31  SCV  
  48  5:33  Marine  
  54  5:38  Starport Reactor  
  54  5:51  Missile Turret  
  54  5:54  Missile Turret  
  54  6:12  Marine x2  
  54  6:13  SCV x2  
  57  6:23  Marine x2  
  57  6:25  Barracks Tech Lab x2, SCV  
  58  6:26  SCV  
  59  6:33  Missile Turret  
  59  6:34  Sensor Tower, Missile Turret  
  59  6:35  Missile Turret  
  59  6:37  Siege Tank  
  59  6:38  Marine x3  
  59  6:39  SCV x2  
  67  6:50  Orbital Command  
  67  6:51  SCV  
  67  6:52  SCV  
  69  7:12  Supply Depot x2  
  69  7:15  Combat Shield  
  69  7:19  Terran Infantry Weapons Level 1  
  69  7:33  Marine x6, Medivac x2  
  69  7:34  SCV x3, Marauder  
  84  7:37  Supply Depot  
  84  7:46  SCV  
  84  7:49  Barracks  
  84  7:50  Refinery, Barracks  
  85  7:51  Refinery  
  85  7:53  Supply Depot  
  85  7:54  Supply Depot  
  85  7:57  Supply Depot  
  85  7:58  Marine x4  
  85  7:59  Marauder x2  
  93  8:13  Supply Depot  
  93  8:14  Marine, Medivac x2  
  93  8:15  SCV x2, Supply Depot  
  93  8:16  Marine  
  93  8:17  Supply Depot  
  101  8:20  Marauder  
  101  8:24  Barracks  
  104  8:27  SCV  
  104  8:34  Marine x3  
  104  8:35  Marauder, Marine x2  
  109  8:58  Marine  
  109  8:59  Marine x4  
  109  9:00  Marauder  
  115  9:16  Marine x6  
  122  9:21  Marauder  
Show
View Real Time Build Order
Export as new Build Order

Malus Zerg - Winner!

Build Orders: Hatch First, Zergling Baneling 

Get SALT Encoding   

  12  0:01  Drone  
  13  0:13  Overlord  
  13  0:18  Drone  
  14  0:31  Drone x2  
  16  0:52  Hatchery  
  16  0:54  Drone  
  16  0:57  Drone  
  16  1:01  Drone  
  18  1:11  Extractor  
  17  1:18  Spawning Pool  
  17  1:21  Drone  
  17  1:24  Drone  
  18  1:28  Drone  
  19  1:42  Overlord  
  19  1:51  Drone  
  20  2:01  Drone  
  20  2:08  Queen x2  
  25  2:09  Zergling x2  
  25  2:13  Metabolic Boost  
  26  2:17  Zergling x2  
  26  2:19  Zergling x2  
  28  2:23  Drone  
  28  2:27  Drone  
  30  2:39  Baneling Nest  
  30  2:40  Drone x2  
  31  2:44  Drone  
  32  2:53  Zergling x2  
  32  2:55  Zergling x2, Evolution Chamber  
  33  2:59  Zergling x2  
  34  3:06  Overlord  
  34  3:13  Zergling x2  
  34  3:18  Overlord  
  35  3:21  Drone  
  36  3:27  Zerg Ground Armor Level 1  
  36  3:29  Zergling x8  
  40  3:43  Zergling x8  
  40  3:47  Zergling x2  
  40  3:48  Zergling x4  
  47  3:51  Zergling x2  
  47  3:55  Baneling x3  
  48  3:58  Zergling x4  
  50  4:05  Zergling x4  
  41  4:25  Zergling x8  
  41  4:26  Zergling x2  
  41  4:28  Baneling  
  41  4:29  Baneling x2  
  41  4:30  Zergling x2  
  47  4:37  Zergling x6  
  50  4:42  Baneling x2  
  47  4:58  Drone x3  
  47  4:59  Drone  
  51  5:05  Zergling x2  
  51  5:06  Overlord x2  
  52  5:22  Zerg Melee Weapons Level 1  
  52  5:24  Zergling x4  
  52  5:25  Zergling x6  
  52  5:26  Drone  
  58  5:31  Baneling  
  58  5:32  Drone  
  59  5:36  Hatchery  
  59  5:38  Drone x4  
  54  5:46  Zergling x8  
  42  6:04  Zergling x2  
  42  6:05  Zergling x8  
  42  6:07  Baneling x4  
  42  6:09  Zergling x6  
  50  6:16  Zergling x4  
  52  6:21  Zergling x2  
  52  6:24  Zergling x2  
  54  6:33  Zergling x6  
  54  6:34  Baneling x2  
  54  6:35  Zergling x4  
  59  6:46  Zergling x8  
  63  6:48  Baneling x2  
  64  6:54  Zergling x2  
  64  7:00  Zergling x4  
  64  7:01  Zergling x4  
  63  7:10  Zergling x2  
  63  7:11  Zergling x2  
  60  7:33  Zergling x2  
  60  7:34  Zergling x12  
  62  7:41  Zergling x10  
  65  7:44  Lair  
  62  8:02  Zergling x8  
  62  8:04  Hatchery  
  53  8:20  Zergling x10  
  53  8:26  Hatchery  
  51  8:30  Extractor  
  51  8:31  Zergling x4  
  52  8:37  Baneling x4  
  52  8:38  Baneling x2  
  52  8:39  Drone  
  53  8:55  Zergling x8  
  54  8:56  Zergling x4  
  59  9:05  Drone x4  
  59  9:07  Extractor  
  59  9:09  Extractor  
  61  9:10  Drone x2  
Show
View Real Time Build Order
Export as new Build Order

Massa Terran 

Build Orders:  

Get SALT Encoding   

  12  0:00  SCV  
  13  0:12  SCV  
  14  0:18  Supply Depot  
  14  0:24  SCV  
  15  0:40  SCV  
  15  0:41  Barracks  
  16  0:52  SCV  
  16  0:54  Refinery  
  17  0:58  Supply Depot  
  18  1:04  SCV  
  18  1:11  Barracks  
  18  1:19  SCV  
  19  1:27  Barracks  
  19  1:32  Marine  
  19  1:37  SCV  
  21  1:50  Marine  
  21  1:53  Orbital Command  
  22  1:58  Marine  
  23  2:14  Barracks Tech Lab, Marine  
  24  2:16  Marine  
  24  2:20  Supply Depot  
  25  2:32  Marine, Stimpack  
  25  2:35  Marauder  
  25  2:36  Marine  
  29  2:47  Supply Depot  
  29  2:50  Marine  
  30  2:54  Marine  
  30  2:56  Marauder  
  33  3:08  Marine  
  33  3:12  Marine  
  35  3:18  Marauder  
  37  3:25  Marine  
  37  3:26  Supply Depot  
  38  3:39  Marauder  
  38  3:41  Marine  
  40  3:43  Marine  
  42  3:59  Marine  
  42  4:01  Marauder, Marine  
  37  4:22  Marauder  
  37  4:26  Marine x2  
  39  4:43  Marauder, Marine  
  39  4:44  Marine, Command Center  
  32  5:01  Marine x2  
  32  5:05  Marauder  
  36  5:16  Factory  
  36  5:18  Refinery  
  36  5:19  Marine x2  
  38  5:22  Engineering Bay  
  38  5:26  Marauder  
  38  5:28  Combat Shield  
  40  5:37  Marine x2  
  42  5:48  Marauder  
  44  5:52  SCV  
  44  5:55  Marine x2  
  35  6:09  Marauder  
  33  6:30  Orbital Command, Marauder  
  33  6:31  SCV  
  36  6:42  Factory Tech Lab, Barracks Tech Lab  
  36  6:43  Barracks Reactor  
  36  6:47  Concussive Shells  
  36  7:05  Marauder x2  
  40  7:13  SCV x2  
  42  7:25  SCV  
  43  7:36  Marauder x2, Marine  
  43  7:37  Marine  
  48  7:38  Siege Tank  
  48  7:43  SCV x2  
  54  7:50  Missile Turret  
  54  7:53  Missile Turret  
  54  7:54  Marine  
  54  7:55  SCV x2  
  57  8:07  SCV x2  
  57  8:23  Siege Tank  
  60  8:28  Marauder, Marine x3  
  60  8:32  SCV x2  
  67  8:44  SCV  
  67  8:46  Marine x2  
  70  8:52  Starport  
  70  9:18  Supply Depot  
  70  9:19  Supply Depot  
  70  9:20  Marine x2, Supply Depot  
  70  9:24  Supply Depot  
Show
View Real Time Build Order
Export as new Build Order

qqq Zerg 

Build Orders: Hatch First 

Get SALT Encoding   

  12  0:03  Drone  
  13  0:14  Drone  
  13  0:18  Overlord  
  14  0:50  Hatchery  
  14  0:54  Drone x2  
  15  1:02  Drone  
  16  1:05  Extractor  
  15  1:20  Spawning Pool  
  15  1:21  Drone  
  15  1:25  Drone  
  16  1:31  Drone  
  17  1:38  Drone  
  18  1:51  Drone  
  19  2:00  Drone  
  20  2:11  Queen  
  20  2:12  Queen  
  20  2:14  Metabolic Boost  
  24  2:18  Extractor  
  24  2:21  Drone  
  24  2:23  Drone  
  24  2:27  Drone  
  27  2:30  Drone  
  27  2:39  Baneling Nest  
  27  2:40  Drone  
  27  2:44  Drone  
  27  2:49  Overlord  
  28  2:55  Overlord  
  28  3:02  Overlord  
  28  3:09  Lair  
  28  3:11  Drone  
  29  3:13  Drone  
  29  3:16  Zergling x2  
  29  3:18  Zergling x2  
  32  3:21  Drone  
  33  3:27  Drone x2  
  33  3:29  Zergling x2  
  33  3:32  Zergling x2  
  33  3:33  Zergling x2  
  38  3:37  Baneling x2  
  38  3:40  Baneling  
  39  3:41  Zergling x2  
  39  3:46  Extractor  
  39  3:48  Zergling x4  
  40  3:49  Drone x2  
  40  3:53  Zergling x2  
  43  3:59  Zergling x6  
  46  4:04  Zergling x2  
  46  4:05  Zergling x2  
  45  4:20  Zergling x2  
  45  4:21  Zergling x2  
  47  4:30  Infestation Pit  
  46  4:32  Drone  
  46  4:33  Zergling x6  
  48  4:41  Baneling  
  48  4:42  Baneling x2  
  48  4:43  Baneling  
  46  5:00  Baneling x2  
  46  5:01  Baneling x2  
  46  5:02  Drone x3  
  49  5:18  Zergling x2  
  50  5:22  Drone  
  50  5:25  Overlord  
  50  5:27  Overlord  
  51  5:30  Hatchery  
  50  5:41  Hatchery  
  48  5:46  Zergling x2  
  48  5:47  Zergling x2  
  48  5:48  Drone x2, Overlord  
  48  5:49  Hatchery  
  51  5:54  Hive  
  50  6:11  Zergling x6  
  50  6:12  Drone, Zergling x2  
  54  6:23  Spire  
  53  6:27  Zergling x8  
  53  6:30  Baneling x5  
  53  6:32  Drone x4  
  61  6:34  Extractor  
  61  6:36  Extractor  
  61  6:38  Drone  
  60  6:45  Drone  
  60  6:46  Zergling x4  
  63  6:51  Zergling x4  
  63  6:52  Zergling x2  
  63  6:53  Zergling x8  
  70  6:58  Drone  
  70  6:59  Zergling x2  
  72  7:05  Drone x2  
  72  7:06  Drone  
  75  7:12  Queen  
  77  7:20  Queen  
  69  7:38  Drone x3  
  69  7:39  Drone x2  
  69  7:43  Greater Spire  
  73  7:45  Drone  
  73  7:46  Drone x8  
  73  7:50  Spine Crawler  
  81  7:52  Spine Crawler  
  79  8:00  Hatchery  
  75  8:08  Drone x4, Spine Crawler  
  75  8:09  Spine Crawler  
  75  8:12  Spine Crawler  
  72  8:25  Drone x3  
  72  8:26  Drone  
  73  8:27  Spine Crawler  
  73  8:28  Spine Crawler  
  73  8:30  Spine Crawler  
  73  8:32  Drone x2, Spine Crawler  
  73  8:33  Drone  
  72  8:40  Zergling x6  
  69  8:41  Zergling x4  
  69  8:42  Zergling x2  
  69  8:46  Baneling x2  
  69  8:47  Baneling x3  
  72  8:50  Zergling x6  
  72  8:55  Overlord x2  
  73  9:07  Overlord  
  73  9:12  Spine Crawler  
  73  9:13  Spine Crawler  
  70  9:20  Zergling x8  
  70  9:21  Drone x2, Zergling x6  
Tags
 
Add a new tag
Caveats
  • Supply blocks, unpowered buildings, or Contaminate may cause inaccurate times.
  • Supply counts are checked every 10 seconds.